 Dungeon Crawl Stone Soup version 0.17-a0-1840-g87820a2 (webtiles) character file.

19 4thArraOfDagon the Firebug (level 2, -1/17 HPs)
             Began as an Octopode Fire Elementalist on Sept 16, 2015.
             Slain by a hobgoblin
             ... wielding a +0 club
              (8 damage)
             ... on level 2 of the Dungeon.
             The game lasted 00:01:23 (244 turns).

4thArraOfDagon the Firebug (OpFE)                    Turns: 244, Time: 00:01:23

Health: -1/17      AC:  1    Str:  7    XL:     2   Next: 75%
Magic:  5/5        EV: 12    Int: 17    God:
Gold:   48         SH:  0    Dex: 12    Spells: 1 memorised, 4 levels left

rFire  . . .     SeeInvis .     c - +2 spear (freeze)
rCold  . . .     Clarity  .     (no shield)
rNeg   . . .     SustAt   .     (helmet restricted)
rPois  .         Gourm    .     (no amulet)
rElec  .         Spirit   .     (no ring)
rCorr  .         Warding  .     (no ring)
rMut   .         Stasis   .     (no ring)
MR     .....                    (no ring)
Stlth  +++.......               (no ring)
                                (no ring)
                                (no ring)
                                (no ring)

@: not resistant to hostile enchantments, fairly stealthy
A: almost no armour, amphibious, 8 rings, constrict 8, camouflage 1, gelatinous
body 1
a: no special abilities


You were on level 2 of the Dungeon.
You were not hungry.

You visited 1 branch of the dungeon, and saw 2 of its levels.

You collected 48 gold pieces.

Inventory:

Hand weapons
 c - a +2 spear of freezing (weapon)
Scrolls
 d - a scroll of magic mapping {unknown}
 f - a scroll of blinking {unknown}
 g - a scroll of remove curse {unknown}
 h - a scroll of noise {unknown}
Potions
 e - a potion of cancellation {unknown}
Books
 a - a book of Flames

   Spells                             Type                      Level
   a - Flame Tongue                   Conjuration/Fire             1
   b - Throw Flame                    Conjuration/Fire             2
   c - Conjure Flame                  Conjuration/Fire             3
   d - Inner Flame                    Hexes/Fire                   3
   e - Sticky Flame                   Conjuration/Fire             4
   f - Fireball                       Conjuration/Fire             5
Comestibles
 b - a bread ration


   Skills:
 - Level 2.0 Dodging
 - Level 2.6 Stealth
 + Level 2.2 Spellcasting
 * Level 1.9 Conjurations
 * Level 3.3 Fire Magic


You had 4 spell levels left.
You knew the following spells:

 Your Spells              Type           Power        Failure   Level  Hunger
a - Flame Tongue          Conj/Fire      ##...        10%         1    #......


Dungeon Overview and Level Annotations

Branches:
Dungeon (2/15)

Altars:
Fedhas


Innate Abilities, Weirdness & Mutations

You cannot wear most types of armour.
You are amphibious.
You can wear up to eight rings at the same time.
You can use your tentacles to constrict eight enemies at once.
Your skin changes colour to match your surroundings (Stealth).
Your rubbery body absorbs attacks (AC +1).


Message History

You see here a scroll labeled MYNNUOCANG.
h - a scroll labeled MYNNUOCANG A hobgoblin comes into view.
It is wielding a club.
The hobgoblin shouts!
The rat closely misses you.
You hit the rat. You freeze the rat.
You kill the rat!
A goblin comes into view. It is wielding a club.
You closely miss the hobgoblin.
The goblin shouts!
Your grab misses the hobgoblin. The hobgoblin hits you with a club.
You hit the hobgoblin but do no damage. Your grab misses the hobgoblin.
The hobgoblin hits you with a club.
You barely miss the hobgoblin. Your grab misses the hobgoblin.
The hobgoblin closely misses you.
You barely miss the hobgoblin. You grab the hobgoblin.
You squeeze the hobgoblin, but do no damage.
You constrict the hobgoblin, but do no damage.
The hobgoblin hits you with a club!
You die...

.....#...# ##..................#
##........##.....###..#..........
##.##....##.....###..........#..
..##...........##..###......##.
#.###......#............#....# #.
...####.####..#..###....# .. ##
#...###..........
##.......###.....# #.@......#
#..g........ #...........#
.......g.....# ...###.........#
... #.........# .. ..........
#.........


You could see a hobgoblin and a goblin.

Vanquished Creatures
  A worm (D:2)
  5 bats
  3 goblins (D:2)
  A quokka (D:2)
  4 kobolds
  4 rats
18 creatures vanquished.

Notes
Turn   | Place    | Note
--------------------------------------------------------------
     0 | D:1      | 4thArraOfDagon the Octopode Fire Elementalist began the quest for the Orb.
     0 | D:1      | Reached XP level 1. HP: 11/11 MP: 3/3
     2 | D:1      | Noticed a demigod
     2 | D:1      | Noticed a troll
     4 | D:1      | Noticed a vine stalker
     6 | D:1      | Noticed a human
     6 | D:1      | Noticed a centaur
     8 | D:1      | Noticed a gargoyle
     8 | D:1      | Noticed a naga
    10 | D:1      | Noticed an ogre
    12 | D:1      | Noticed a tengu
    12 | D:1      | Noticed a spriggan
    14 | D:1      | Noticed a draconian
    16 | D:1      | Noticed a vampire
    18 | D:1      | Noticed a demonspawn
    18 | D:1      | Noticed a ghoul
    20 | D:1      | Noticed a felid
    20 | D:1      | Noticed an elf
    22 | D:1      | Noticed an octopode
    22 | D:1      | Noticed a minotaur
    24 | D:1      | Noticed a formicid
    26 | D:1      | Noticed a merfolk
    26 | D:1      | Noticed a dwarf
   122 | D:2      | Reached XP level 2. HP: 13/17 MP: 5/5
   178 | D:2      | Found a blossoming altar of Fedhas.
   244 | D:2      | Slain by a hobgoblin

Vault maps used:
D:1:      kb_arrival_jail, serial_park_tiny_1, hangedman_decor_opposing
D:2:      lemuel_doored_altar

Action                   || total
-------------------------++-------
Melee: Spear             ||    35
       Unarmed           ||     6
 Cast: Flame Tongue      ||     2
 Stab: Sleeping          ||     6
